 Dungeon Crawl Stone Soup version 0.31-a0-152-g6aa68a64a1 (webtiles) character file.

Game seed: 9098624045334914248

343 qw the Shooter (level 6, -3/46 (57) HPs)
             Began as a Naga Hunter on June 10, 2023.
             Slain by a wight
             ... wielding a +2 hand axe of freezing
              (8 damage)
             ... on level 4 of the Dungeon.
             The game lasted 00:00:50 (2468 turns).

qw the Shooter (Naga Hunter)                        Turns: 2468, Time: 00:00:50

HP:   -3/46 (57)    AC:  5    Str: 14    XL:     6   Next: 57%
MP:   6/6           EV:  9    Int:  9    God:
Gold: 309           SH:  0    Dex: 16    Spells: 5/5 levels left

rFire   . . .        Y - +1 shortbow (freeze)
rCold   . . .        (shield currently unavailable)
rNeg    . . .        c - +0 leather armour
rPois   +            (no helmet)
rElec   .            e - +0 cloak
rCorr   .            g - +0 pair of gloves
SInv    +            (no barding)
Will    .....        (no amulet)
Stlth   ++           (no ring)
HPRegen 0.27/turn    (no ring)
MPRegen 0.10/turn

%: no passive effects
@: heavily drained, very slow
A: AC +2, large, see invisible, deformed body, poison resistance, slowness 2,
spit poison 1, naga tail 1
a: Spit Poison


You were on level 4 of the Dungeon.
You visited 1 branch of the dungeon, and saw 4 of its levels.

You collected 309 gold pieces.


Innate Abilities, Weirdness & Mutations

Your serpentine skin is tough. (AC +2)
You have supernaturally acute eyesight. (SInv)
Armour fits poorly on your strangely shaped body.
Your system is resistant to poisons. (rPois)
You cover ground very slowly.
You can spit poison.
You have a snake-like lower body.


   Skills:
 - Level 4.0 Fighting
 + Level 6.2 Ranged Weapons
 - Level 1.5 Dodging
 - Level 1.5 Stealth


You had 5 spell levels left.
You didn't know any spells.
Your spell library was empty.

Inventory:

Hand Weapons
 Y - a +1 shortbow of freezing (weapon)
Armour
 c - a +0 leather armour (worn)
 e - a +0 cloak (worn)
 g - a +0 pair of gloves (worn)
Jewellery
 d - the amulet "Gualakhe" {Reflect Harm rPois SH+5}
   (You found it on level 3 of the Dungeon)

   [amulet of reflection]

   It reflects blocked missile attacks.
   rPois:     It protects you from poison.
   SH:        It affects your SH (+5).
   Harm:      It increases damage dealt and taken.
Scrolls
 f - a scroll of identify
Potions
 a - a potion of berserk rage {unknown}
 h - a potion of degeneration {unknown}
 j - a potion of ambrosia {unknown}
 k - a potion of curing {unknown}
 l - a potion of mutation {unknown}

Dungeon Overview and Level Annotations

Branches:
Dungeon (4/15)
 Temple: D:4-7

Altars:

Shops:
D:3 :


Message History

The wight hits you with a +2 hand axe of freezing.
The wight freezes you.
You shoot an arrow.
The arrow hits the wight but does no damage.
The wight is lightly damaged.
The wight hits you with a +2 hand axe of freezing.
You feel drained. The wight freezes you.
You shoot an arrow. The arrow hits the wight!
The wight is heavily damaged.
The wight hits you with a +2 hand axe of freezing.
You feel drained. The wight freezes you.
You shoot an arrow.
The arrow hits the wight but does no damage.
The wight is heavily damaged.
The wight hits you with a +2 hand axe of freezing!
The wight freezes you.
You shoot an arrow. The arrow closely misses the wight.
The wight hits you with a +2 hand axe of freezing.
You feel drained. The wight freezes you.
You shoot an arrow. The arrow hits the wight.
The wight is heavily damaged.
The wight hits you with a +2 hand axe of freezing!
You feel drained. The wight freezes you.
2465 ||| DRINKING potion of heal wounds.
You feel much better.
The wight hits you with a +2 hand axe of freezing!
You feel drained. The wight freezes you.
You shoot an arrow. The arrow hits the wight.
The wight is severely damaged.
The wight hits you with a +2 hand axe of freezing.
The wight freezes you.
The wight hits you with a +2 hand axe of freezing!
You feel drained. The wight freezes you.
You shoot an arrow.
The arrow hits the wight but does no damage.
The wight is severely damaged.
The wight misses you.
You shoot an arrow. The arrow closely misses the wight.
The wight hits you with a +2 hand axe of freezing!
You die...

'##)..... ...#
.)......# ...#
..).....# .....
...)....# .....
........#......
.....)..#.>....
........z......
.......@#############.
###+###.(.............
#...............
#...............
#...............
#...............
#...............
########.....##
.......#.....+


You could see a wight.

Vanquished Creatures
  Sigmund (D:4)
  Jessica (D:3)
  A sleepcap (D:4)
  3 gnolls (D:4)
  5 adders
  A shadow imp (D:4)
  A dart slug (D:1)
  6 ball pythons
  4 endoplasms
  2 giant cockroaches
  4 goblins
  7 hobgoblins
  9 kobolds
  2 quokkas
  5 bats
  4 frilled lizards (D:1)
  8 rats
64 creatures vanquished.

Notes
Turn   | Place    | Note
-------+----------+-------------------------------------------
     0 | D:1      | qw the Naga Hunter began the quest for the Orb.
     0 | D:1      | Reached XP level 1. HP: 19/19 MP: 1/1
     0 | D:1      | 0 ||| qw: Version: 0.2-a-29-g0080da8
     0 | D:1      | 0 ||| qw: Game counter: 3857
     0 | D:1      | 0 ||| qw: Always use a shield: true
     0 | D:1      | 0 ||| qw: God list: Okawaru
     0 | D:1      | 0 ||| qw: Allow faded altars: false
     0 | D:1      | 0 ||| qw: Do Orc after D:15 true
     0 | D:1      | 0 ||| qw: Do second Lair branch before Depths: true
     0 | D:1      | 0 ||| qw: Lair rune preference: random
     0 | D:1      | 0 ||| qw: Plans: Normal
     0 | D:1      | 0 ||| PLANNING D:1-11
    28 | D:1      | 28 ||| INVOKING Spit Poison.
    60 | D:1      | 60 ||| INVOKING Spit Poison.
    64 | D:1      | 64 ||| INVOKING Spit Poison.
   136 | D:1      | 136 ||| INVOKING Spit Poison.
   140 | D:1      | 140 ||| INVOKING Spit Poison.
   143 | D:1      | Reached skill level 4 in Ranged Weapons
   143 | D:1      | Reached XP level 2. HP: 23/26 MP: 2/2
   170 | D:1      | 170 ||| INVOKING Spit Poison.
   204 | D:1      | 204 ||| INVOKING Spit Poison.
   261 | D:1      | 261 ||| INVOKING Spit Poison.
   287 | D:1      | 287 ||| UPGRADING to +0 pair of gloves.
   292 | D:1      | 292 ||| INVOKING Spit Poison.
   293 | D:1      | 293 ||| READING scroll labelled XOTREC BUMAV.
   295 | D:1      | 295 ||| INVOKING Spit Poison.
   306 | D:1      | 306 ||| INVOKING Spit Poison.
   389 | D:1      | 389 ||| INVOKING Spit Poison.
   411 | D:1      | 411 ||| INVOKING Spit Poison.
   414 | D:1      | 414 ||| INVOKING Spit Poison.
   427 | D:1      | 427 ||| UPGRADING to +0 cloak.
   775 | D:1      | 775 ||| READING 3 scrolls labelled TIWNIR BOUPSIOB.
   776 | D:1      | 776 ||| READING scroll labelled VOCZENT VAGOOTH.
   777 | D:1      | 777 ||| READING 2 scrolls of identify.
   777 | D:1      | 777 ||| IDENTIFYING fizzy sapphire potion
   778 | D:1      | 778 ||| DROPPING potion of invisibility.
   779 | D:1      | 779 ||| DROPPING scroll of butterflies.
   882 | D:2      | 882 ||| INVOKING Spit Poison.
   884 | D:2      | Reached XP level 3. HP: 32/32 MP: 3/3
   918 | D:2      | 918 ||| INVOKING Spit Poison.
   931 | D:2      | 931 ||| INVOKING Spit Poison.
   986 | D:2      | 986 ||| INVOKING Spit Poison.
  1016 | D:2      | 1016 ||| INVOKING Spit Poison.
  1028 | D:2      | 1028 ||| INVOKING Spit Poison.
  1031 | D:2      | 1031 ||| INVOKING Spit Poison.
  1037 | D:2      | 1037 ||| INVOKING Spit Poison.
  1051 | D:2      | 1051 ||| INVOKING Spit Poison.
  1066 | D:2      | 1066 ||| INVOKING Spit Poison.
  1109 | D:2      | 1109 ||| INVOKING Spit Poison.
  1116 | D:2      | 1116 ||| INVOKING Spit Poison.
  1134 | D:2      | 1134 ||| INVOKING Spit Poison.
  1166 | D:2      | 1166 ||| INVOKING Spit Poison.
  1199 | D:2      | 1199 ||| INVOKING Spit Poison.
  1200 | D:2      | Reached skill level 5 in Ranged Weapons
  1210 | D:2      | 1210 ||| INVOKING Spit Poison.
  1213 | D:2      | Reached XP level 4. HP: 39/39 MP: 4/4
  1325 | D:2      | 1325 ||| INVOKING Spit Poison.
  1343 | D:2      | 1343 ||| INVOKING Spit Poison.
  1351 | D:2      | 1351 ||| INVOKING Spit Poison.
  1352 | D:2      | 1352 ||| INVOKING Spit Poison.
  1359 | D:2      | 1359 ||| INVOKING Spit Poison.
  1368 | D:2      | 1368 ||| INVOKING Spit Poison.
  1509 | D:2      | 1509 ||| READING scroll labelled WEFRAT PATIJAT.
  1510 | D:2      | 1510 ||| READING scroll labelled BIRYGY ZIQURI.
  1511 | D:2      | 1511 ||| DRINKING 2 white potions.
  1512 | D:2      | 1512 ||| READING 2 scrolls of identify.
  1512 | D:2      | 1512 ||| IDENTIFYING bubbling emerald potion
  1513 | D:2      | 1513 ||| DROPPING potion of enlightenment.
  1551 | D:3      | 1551 ||| INVOKING Spit Poison.
  1665 | D:3      | 1665 ||| INVOKING Spit Poison.
  1677 | D:3      | Found Laebluasa's Book Boutique.
  1714 | D:3      | Identified the amulet "Gualakhe" {Reflect Harm rPois SH+5}
  1844 | D:3      | 1844 ||| INVOKING Spit Poison.
  1946 | D:3      | Noticed Jessica
  1948 | D:3      | Killed Jessica
  1949 | D:3      | Reached skill level 3 in Fighting
  1949 | D:3      | Reached XP level 5. HP: 49/49 MP: 5/5
  2080 | D:3      | 2080 ||| INVOKING Spit Poison.
  2295 | D:3      | 2295 ||| READING scroll labelled SEOCIW BAIWE.
  2296 | D:3      | 2296 ||| READING scroll labelled YKEIVE EXAIF.
  2341 | D:4      | 2341 ||| INVOKING Spit Poison.
  2361 | D:4      | Noticed Sigmund
  2364 | D:4      | 2364 ||| INVOKING Spit Poison.
  2365 | D:4      | Killed Sigmund
  2366 | D:4      | Reached skill level 6 in Ranged Weapons
  2366 | D:4      | Reached XP level 6. HP: 54/56 MP: 6/6
  2392 | D:4      | 2392 ||| INVOKING Spit Poison.
  2405 | D:4      | 2405 ||| INVOKING Spit Poison.
  2409 | D:4      | 2409 ||| INVOKING Spit Poison.
  2412 | D:4      | 2412 ||| INVOKING Spit Poison.
  2464 | D:4      | HP: 11/51 [wight/+2 hand axe of freezing (9)]
  2465 | D:4      | 2465 ||| DRINKING potion of heal wounds.
  2466 | D:4      | HP: 4/46 [wight/+2 hand axe of freezing (2)]
  2468 | D:4      | Slain by a wight

Levels and vault maps discovered:
D:1:      elethiomel_arrival_infinity_welcomes_careful_drivers,
          layout_loops_ring, feat_on_display
D:2:      layout_basic, corexii_shack
D:3:      layout_loops_ring, serial_shops, shop, minmay_misc_feat_ornament,
          dk_noncrumbling_3, uniq_jessica
D:4:      minmay_thinvault, layout_gridville, uniq_sigmund, uniq_blork_the_orc

Skill      XL: |  1  2  3  4  5  6 |
---------------+-------------------+-----
Ranged Weapons | 4 5 6 |  6.2
Fighting       | 3 4 |  4.0
Dodging        | |  1.5
Stealth        | |  1.5

Action                     |  1- 3 |  4- 6 || total
---------------------------+-------+-------++-------
   Fire: Shortbow          |    62 |    63 ||   125
Ability: Spit Poison       |    30 |    15 ||    45
    Use: Scroll            |     4 |     5 ||     9
         Potion            |       |     2 ||     2
 Armour: Leather armour    |     8 |     7 ||    15
  Dodge: Dodged            |    12 |     9 ||    21

Table legend:
 A = Non-vault XP
 B = Vault XP
 C = Vault XP percentage of total XP
 D = Non-vault monster count
 E = Vault monster count
 F = Vault count percentage of total count
                 A         B        C        D         E       F
            +---------+---------+-------+---------+---------+-------
      Total |     233 |     257 |  52.4 |      59 |       5 |   7.8
            +---------+---------+-------+---------+---------+-------
        D:1 |      31 |       0 |   0.0 |      21 |       0 |   0.0
        D:2 |      85 |       2 |   2.3 |      24 |       1 |   4.0
        D:3 |      21 |      37 |  63.8 |       5 |       1 |  16.7
        D:4 |      96 |     218 |  69.4 |       9 |       3 |  25.0
            +---------+---------+-------+---------+---------+-------
